Sasquatch vs Blackdemons
Created - 16 avril 2015 at 19:16
Goals
|
| Sasquatch |
2 |
0 |
0 |
2 |
| Blackdemons |
2 |
0 |
1 |
3 |
|
Shots
|
| Sasquatch |
17 |
3 |
6 |
26 |
| Blackdemons |
10 |
1 |
18 |
29 |
|
1st period
1. Sasquatch , Josh Bailey 1 (Kevin Porter, Matt Frattin) at 4:22
2. Sasquatch , Mats Zuccarello 1 (Joe Corvo, Brandon Bochenski) at 4:50
3. Blackdemons , Luca Caputi 1 (Steve Oleksy, Calvin de Haan) at 7:46
4. Blackdemons , Enver Lisin 1 (Sam Gagner) at 10:06
Penalties :
Jakub Kindl (MJM) for High sticking (Minor) at 13:59
2nd period
No Goal
Penalties :
Sam Gagner (MJM) for High sticking (Minor) at 3:21, Josh Bailey (Gat) for Diving (Minor) at 15:41
3rd period
5. Blackdemons , Enver Lisin 2 (Matt Hunwick, Zach Boychuk) at 3:46 (PP)
Penalties :
Matt Frattin (Gat) for Interference (Minor) at 2:09, Steve Oleksy (MJM) for Hooking (Minor) at 9:42, Calvin de Haan (MJM) for Holding (Minor) at 18:32, Derek Stepan (Gat) for Roughing (Minor) at 18:43
Goalie Stats
Andrew Raycroft (Gat), 26 saves from 29 shots - (0,897), L, 0-1-0, 60:00 minutes
Martin Biron (MJM), 24 saves from 26 shots - (0,923), W, 1-0-0, 60:00 minutes
Players Stats for Sasquatch
Player Name G A P +/- PIM S H SB GA TA FO MP PP MP PK MP
------------------------------------------------------------------------------------
Brandon Bochenski 0 1 1 1 0 4 0 0 0 1 1/2 16:29 2:48 0:00
Cam Atkinson 0 0 0 -1 0 3 3 0 0 0 0/0 11:16 0:07 0:00
D.J King 0 0 0 -1 0 0 3 0 0 1 0/0 21:52 2:07 2:05
Derek Stepan 0 0 0 -1 2 5 1 0 0 0 15/28 18:53 2:06 0:00
Jake Gardiner 0 0 0 -1 0 1 2 3 1 0 0/0 22:37 3:59 2:07
Jakub Voracek 0 0 0 -1 0 2 4 1 0 0 1/1 19:02 2:07 0:00
Joe Corvo 0 1 1 1 0 0 0 0 0 0 0/0 2:49 0:00 0:00
Josh Bailey 1 0 1 1 2 1 2 0 0 0 0/0 9:38 0:18 0:00
Kevin Porter 0 1 1 1 0 1 1 0 0 0 2/2 9:47 0:32 0:38
Kyle Clifford 0 0 0 -1 0 0 3 0 0 0 0/0 12:44 1:02 0:53
Mats Zuccarello 1 0 1 1 0 4 2 0 1 0 1/1 16:33 2:48 0:38
Matt Frattin 0 1 1 1 2 0 0 0 0 0 0/0 9:46 1:06 0:28
Matt Niskanen 0 0 0 -1 0 1 5 3 0 2 0/0 25:16 1:30 1:34
Nick Leddy 0 0 0 1 0 0 1 2 0 0 0/0 19:45 3:10 1:51
Slava Voynov 0 0 0 0 0 0 0 1 0 0 0/0 19:49 0:00 0:31
Stephane Da Costa 0 0 0 -1 0 1 3 0 0 0 1/3 13:14 1:06 0:31
Tyler Johnson 0 0 0 1 0 1 1 1 0 2 3/14 17:44 2:48 1:59
Yann Sauvé 0 0 0 0 0 2 2 1 1 2 0/0 23:29 3:05 1:09
Players Stats for Blackdemons
Player Name G A P +/- PIM S H SB GA TA FO MP PP MP PK MP
------------------------------------------------------------------------------------
Barry Tallackson 0 0 0 -2 0 1 0 1 2 0 0/0 14:52 1:47 1:04
Brendon Nash 0 0 0 -1 0 4 0 2 1 2 0/0 24:20 1:46 1:28
Calvin de Haan 0 1 1 1 2 2 0 1 1 0 0/0 13:17 0:00 1:04
Enver Lisin 2 0 2 1 0 5 2 0 0 0 2/3 21:11 1:48 1:04
Francois Bouchard 0 0 0 1 0 0 1 0 0 0 0/1 9:50 0:01 0:00
Jakub Kindl 0 0 0 0 2 3 2 0 0 0 0/0 20:30 1:50 2:33
Luca Caputi 1 0 1 1 0 2 1 0 2 0 0/0 11:08 0:00 1:39
Mathieu Dandenault 0 0 0 0 0 0 1 0 0 0 0/0 13:36 0:01 3:03
Matt Calvert 0 0 0 0 0 0 0 0 1 0 0/0 10:36 0:01 0:22
Matt Hunwick 0 1 1 0 0 2 0 3 1 0 0/0 21:45 1:50 3:46
Matt Irwin 0 0 0 -1 0 2 1 1 0 0 0/0 24:20 1:46 1:28
Michael Haley 0 0 0 1 0 3 2 0 0 0 0/1 20:27 1:47 0:57
Sam Gagner 0 1 1 1 2 1 0 0 0 0 12/22 20:02 1:48 0:00
Scott Timmins 0 0 0 1 0 1 0 0 0 1 0/1 10:02 0:00 0:42
Shawn Matthias 0 0 0 -2 0 1 2 2 0 0 11/16 16:37 1:47 3:03
Steve Oleksy 0 1 1 1 2 0 2 0 0 0 0/0 14:07 0:00 1:57
Steven Zalewski 0 0 0 0 0 1 2 0 0 0 1/4 10:17 0:00 0:22
Zach Boychuk 0 1 1 -2 0 1 2 0 0 0 1/3 13:52 1:48 0:00
3 Stars
1 - Enver Lisin (MJM)
2 - Mats Zuccarello (Gat)
3 - Luca Caputi (MJM)
Power Play
Sasquatch - 0 on 4 Attempt(s) - 0,00%
Blackdemons - 1 on 3 Attempt(s) - 33,33%
Penalty Kill
Sasquatch - 2 on 3 Attempt(s) - 66,67%
- Score 0 goal in Penalty Kill
Blackdemons - 4 on 4 Attempt(s) - 100,00%
- Score 0 goal in Penalty Kill
Team Stat
Sasquatch - Hits : 33 - Faceoff Wins : 24 - Blocked Shots : 12 - Penalty Minutes : 6
Blackdemons - Hits : 18 - Faceoff Wins : 27 - Blocked Shots : 10 - Penalty Minutes : 8
Official
Referees : Dwyer Gord and Meier Brad
Linesman : Michel Cormier and Andy McElman
Game Notes
Joe Corvo is injured at 5:17 of 1st period (Strained Back)
Finance
Level 1 -- Attendance: 1736 (86,80%) -- Ticket Income 52 080 $
Level 2 -- Attendance: 953 (95,30%) -- Ticket Income 9 530 $
Total Attendance: 2689 (89,63%)
Total Ticket Income: 61 610 $
Other Income: 3 080 $
Total Income: 64 690 $
Sasquatch
5 vs 5 Forward
Center Left Wing Right Wing Time % Phy DF OF
1 Derek Stepan D.J King Jakub Voracek 40 1 2 2
2 Tyler Johnson Mats Zuccarello Brandon Bochenski 30 1 2 2
3 Stephane Da Costa Kyle Clifford Cam Atkinson 20 1 2 2
4 Kevin Porter Josh Bailey Matt Frattin 10 1 2 2
5 vs 5 Defense
Defense Defense Time % Phy DF OF
1 Joe Corvo Jake Gardiner 40 1 2 2
2 Matt Niskanen Slava Voynov 30 1 2 2
3 Yann Sauvé Nick Leddy 20 1 2 2
4 Joe Corvo Jake Gardiner 10 1 2 2
PowerPlay Forward
Center Left Wing Right Wing Time % Phy DF OF
1 Derek Stepan D.J King Jakub Voracek 60 1 2 2
2 Tyler Johnson Mats Zuccarello Brandon Bochenski 40 1 2 2
PowerPlay Defense
Defense Defense Time % Phy DF OF
1 Joe Corvo Jake Gardiner 60 1 2 2
2 Matt Niskanen Nick Leddy 40 1 2 2
Penalty Kill 4 Players Forward
Center Wing Time % Phy DF OF
1 Tyler Johnson D.J King 60 1 2 2
2 Kevin Porter Mats Zuccarello 40 1 2 2
Penalty Kill 4 Players Defense
Defense Defense Time % Phy DF OF
1 Joe Corvo Jake Gardiner 60 1 2 2
2 Matt Niskanen Yann Sauvé 40 1 2 2
Penalty Kill - 3 Players Forward
Forward Time % Phy DF OF
1 Tyler Johnson 60 1 2 2
2 D.J King 40 1 2 2
Penalty Kill - 3 Players Defense
Defense Defense Time % Phy DF OF
1 Joe Corvo Jake Gardiner 60 1 2 2
2 Matt Niskanen Yann Sauvé 40 1 2 2
4 vs 4 Forward
Center Wing Time % Phy DF OF
1 Derek Stepan D.J King 60 1 2 2
2 Tyler Johnson Jakub Voracek 40 1 2 2
4 vs 4 Defense
Defense Defense Time % Phy DF OF
1 Joe Corvo Jake Gardiner 60 1 2 2
2 Matt Niskanen Slava Voynov 40 1 2 2
Last Minutes Offensive
Center Left Wing Right Wing Defense Defense
Derek Stepan D.J King Jakub Voracek Joe Corvo Jake Gardiner
Last Minutes Defensive
Center Left Wing Right Wing Defense Defense
Tyler Johnson D.J King Jakub Voracek Joe Corvo Jake Gardiner
Goaltenders
Starting : Andrew Raycroft
Backup : Anders Lindback
Extra Forwards
Normal : Brandon Bochenski, Stephane Da Costa, Josh Bailey - PP : Kyle Clifford, Stephane Da Costa - PK : Matt Frattin
Extra Defensemen
Normal : Yann Sauvé, Nick Leddy, Matt Niskanen - PP : Yann Sauvé - PK : Nick Leddy, Matt Niskanen
Penalty Shots
Cam Atkinson, Mats Zuccarello, Brandon Bochenski, Joe Corvo, Matt Frattin
Blackdemons
5 vs 5 Forward
Center Left Wing Right Wing Time % Phy DF OF
1 Sam Gagner Michael Haley Enver Lisin 40 1 2 2
2 Shawn Matthias Zach Boychuk Barry Tallackson 30 1 2 2
3 Steven Zalewski Matt Calvert Mathieu Dandenault 20 1 3 1
4 Scott Timmins Luca Caputi Francois Bouchard 10 1 4 0
5 vs 5 Defense
Defense Defense Time % Phy DF OF
1 Brendon Nash Matt Irwin 45 1 3 1
2 Jakub Kindl Matt Hunwick 35 1 3 1
3 Steve Oleksy Calvin de Haan 10 1 4 0
4 Steve Oleksy Calvin de Haan 10 1 4 0
PowerPlay Forward
Center Left Wing Right Wing Time % Phy DF OF
1 Sam Gagner Zach Boychuk Enver Lisin 60 1 0 4
2 Shawn Matthias Michael Haley Barry Tallackson 40 2 0 3
PowerPlay Defense
Defense Defense Time % Phy DF OF
1 Jakub Kindl Matt Hunwick 60 1 2 2
2 Brendon Nash Matt Irwin 40 1 2 2
Penalty Kill 4 Players Forward
Center Wing Time % Phy DF OF
1 Shawn Matthias Mathieu Dandenault 60 1 4 0
2 Enver Lisin Barry Tallackson 40 1 3 1
Penalty Kill 4 Players Defense
Defense Defense Time % Phy DF OF
1 Jakub Kindl Matt Hunwick 60 1 4 0
2 Brendon Nash Matt Irwin 40 1 4 0
Penalty Kill - 3 Players Forward
Forward Time % Phy DF OF
1 Mathieu Dandenault 60 1 4 0
2 Enver Lisin 40 1 4 0
Penalty Kill - 3 Players Defense
Defense Defense Time % Phy DF OF
1 Jakub Kindl Matt Hunwick 60 1 4 0
2 Brendon Nash Matt Irwin 40 1 4 0
4 vs 4 Forward
Center Wing Time % Phy DF OF
1 Sam Gagner Enver Lisin 60 1 2 2
2 Shawn Matthias Mathieu Dandenault 40 1 3 1
4 vs 4 Defense
Defense Defense Time % Phy DF OF
1 Jakub Kindl Matt Hunwick 60 1 3 1
2 Brendon Nash Matt Irwin 40 1 3 1
Last Minutes Offensive
Center Left Wing Right Wing Defense Defense
Sam Gagner Barry Tallackson Enver Lisin Brendon Nash Matt Irwin
Last Minutes Defensive
Center Left Wing Right Wing Defense Defense
Shawn Matthias Enver Lisin Mathieu Dandenault Brendon Nash Matt Hunwick
Goaltenders
Starting : Martin Biron
Backup : Matt Hackett
Extra Forwards
Normal : Mathieu Dandenault, Michael Haley, Zach Boychuk - PP : Matt Calvert, Mathieu Dandenault - PK : Michael Haley
Extra Defensemen
Normal : Steve Oleksy, Calvin de Haan, Matt Hunwick - PP : Steve Oleksy - PK : Steve Oleksy, Calvin de Haan
Penalty Shots
Enver Lisin, Sam Gagner, Shawn Matthias, Barry Tallackson, Mathieu Dandenault
% Time on Ice - Sasquatch
Lines # - Real PCT - Wanted PCT - Time Play
Normal Forward
1 - 35% - 40% - 17:22
2 - 29% - 30% - 14:16
3 - 21% - 20% - 10:32
4 - 14% - 10% - 6:50
Normal Defense
1 - 45% - 40% - 22:00
2 - 28% - 30% - 13:40
3 - 17% - 20% - 8:17
4 - 10% - 10% - 5:03
PP Forward
1 - 39% - 60% - 2:23
2 - 61% - 40% - 3:45
PP Defense
1 - 81% - 60% - 4:58
2 - 19% - 40% - 1:10
PK Forward
1 - 82% - 60% - 2:58
2 - 18% - 40% - 0:38
PK Defense
1 - 73% - 60% - 2:38
2 - 27% - 40% - 0:58
PK3 Forward
1 - 0% - 60%
2 - 0% - 40%
PK3 Defense
1 - 0% - 60%
2 - 0% - 40%
44 Forward
1 - 100% - 60% - 1:16
2 - 0% - 40% - 0:00
44 Defense
1 - 58% - 60% - 0:44
2 - 42% - 40% - 0:32
Last Minute Offensive - 0:00
Last Minute Defensive - 0:00
Total
Forward - 60:00
Defense - 60:00
|
% Time on Ice - Blackdemons
Lines # - Real PCT - Wanted PCT - Time Play
Normal Forward
1 - 36% - 40% - 17:51
2 - 26% - 30% - 12:56
3 - 20% - 20% - 9:44
4 - 17% - 10% - 8:29
Normal Defense
1 - 44% - 45% - 21:30
2 - 33% - 35% - 16:18
3 - 11% - 10% - 5:34
4 - 11% - 10% - 5:38
PP Forward
1 - 50% - 60% - 1:49
2 - 50% - 40% - 1:47
PP Defense
1 - 51% - 60% - 1:50
2 - 49% - 40% - 1:46
PK Forward
1 - 83% - 60% - 5:04
2 - 17% - 40% - 1:04
PK Defense
1 - 76% - 60% - 4:40
2 - 24% - 40% - 1:28
PK3 Forward
1 - 0% - 60%
2 - 0% - 40%
PK3 Defense
1 - 0% - 60%
2 - 0% - 40%
44 Forward
1 - 88% - 60% - 1:07
2 - 12% - 40% - 0:09
44 Defense
1 - 47% - 60% - 0:36
2 - 53% - 40% - 0:40
Last Minute Offensive - 0:00
Last Minute Defensive - 0:00
Total
Forward - 60:00
Defense - 60:00
|
Play by Play
1st period
0:01 of 1st period - Sam Gagner wins face-off versus Derek Stepan in neutral zone.
0:29 of 1st period - Brendon Nash is hit by Jake Gardiner and loses puck.
0:56 of 1st period - Slapshot by Stephane Da Costa.
0:56 of 1st period - Shot Misses the Net.
0:58 of 1st period - Slapshot by Jake Gardiner.
0:58 of 1st period - Deflect By Matt Hunwick.
0:58 of 1st period - Stopped by Martin Biron without a rebound.
0:59 of 1st period - Kevin Porter wins face-off versus Scott Timmins in Blackdemons zone.
1:06 of 1st period - Slapshot by Kevin Porter.
1:06 of 1st period - Shot Misses the Net.
2:04 of 1st period - Slapshot by Brandon Bochenski.
2:04 of 1st period - Shot Blocked by Matt Hunwick.
2:06 of 1st period - Snap shot by Brandon Bochenski.
2:06 of 1st period - Stopped by Martin Biron with a rebound.
2:14 of 1st period - Snap shot by Mats Zuccarello.
2:14 of 1st period - Shot Misses the Net.
2:29 of 1st period - Slapshot by Matt Niskanen.
2:29 of 1st period - Shot Blocked by Matt Hunwick.
2:43 of 1st period - Matt Irwin is hit by D.J King and loses puck.
3:12 of 1st period - Wrist shot by Barry Tallackson.
3:12 of 1st period - Stopped by Andrew Raycroft without a rebound.
3:13 of 1st period - Zach Boychuk wins face-off versus Tyler Johnson in Sasquatch zone.
3:16 of 1st period - Wrist shot by Zach Boychuk.
3:16 of 1st period - Shot Misses the Net.
3:22 of 1st period - Wrist shot by Brandon Bochenski.
3:22 of 1st period - Shot Misses the Net.
3:26 of 1st period - Snap shot by Mats Zuccarello.
3:26 of 1st period - Deflect By Brandon Bochenski.
3:26 of 1st period - Shot Misses the Net.
3:26 of 1st period - Puck is out of play.
3:27 of 1st period - Sam Gagner wins face-off versus Derek Stepan in Blackdemons zone.
3:34 of 1st period - Snap shot by Enver Lisin.
3:34 of 1st period - Stopped by Andrew Raycroft with a rebound.
3:52 of 1st period - Joe Corvo is hit by Steve Oleksy and loses puck.
4:22 of 1st period - Snap shot by Josh Bailey.
4:22 of 1st period - Goal by Josh Bailey - Sasquatch : 1 - Blackdemons : 0.
4:23 of 1st period - Derek Stepan wins face-off versus Sam Gagner in neutral zone.
4:32 of 1st period - Snap shot by Jakub Voracek.
4:32 of 1st period - Stopped by Martin Biron with a rebound.
4:38 of 1st period - Backhand shot by Derek Stepan.
4:38 of 1st period - Stopped by Martin Biron without a rebound.
4:39 of 1st period - Tyler Johnson wins face-off versus Shawn Matthias in Blackdemons zone.
4:48 of 1st period - Snap shot by Mats Zuccarello.
4:48 of 1st period - Stopped by Martin Biron with a rebound.
4:50 of 1st period - Snap shot by Mats Zuccarello.
4:50 of 1st period - Goal by Mats Zuccarello - Sasquatch : 2 - Blackdemons : 0.
4:51 of 1st period - Derek Stepan wins face-off versus Sam Gagner in neutral zone.
5:00 of 1st period - Wrist shot by Sam Gagner.
5:00 of 1st period - Shot Misses the Net.
5:16 of 1st period - Joe Corvo is hit by Zach Boychuk and loses puck.
5:17 of 1st period - Joe Corvo from Sasquatch is injured at 5:17 of 1st period (Strained Back).
5:18 of 1st period - Stephane Da Costa wins face-off versus Sam Gagner in Sasquatch zone.
5:18 of 1st period - Stephane Da Costa is hit by Enver Lisin.
5:24 of 1st period - Wrist shot by Cam Atkinson.
5:24 of 1st period - Stopped by Martin Biron with a rebound.
5:26 of 1st period - Slapshot by Jake Gardiner.
5:26 of 1st period - Shot Blocked by Matt Hunwick.
5:28 of 1st period - Wrist shot by Cam Atkinson.
5:28 of 1st period - Shot Misses the Net.
5:30 of 1st period - Slapshot by Jake Gardiner.
5:30 of 1st period - Shot Misses the Net.
5:32 of 1st period - Slapshot by Cam Atkinson.
5:32 of 1st period - Stopped by Martin Biron without a rebound.
5:33 of 1st period - Steven Zalewski wins face-off versus Tyler Johnson in Blackdemons zone.
6:04 of 1st period - Slapshot by Barry Tallackson.
6:04 of 1st period - Deflect By Shawn Matthias.
6:04 of 1st period - Stopped by Andrew Raycroft with a rebound.
6:06 of 1st period - Slapshot by Matt Hunwick.
6:06 of 1st period - Deflect By Zach Boychuk.
6:06 of 1st period - Shot Misses the Net.
6:06 of 1st period - Puck is out of play.
6:07 of 1st period - Derek Stepan wins face-off versus Michael Haley in Sasquatch zone.
6:49 of 1st period - Brendon Nash is hit by Jakub Voracek and loses puck.
7:10 of 1st period - Wrist shot by Jakub Voracek.
7:10 of 1st period - Deflect By Derek Stepan.
7:10 of 1st period - Shot Misses the Net.
7:10 of 1st period - Puck is out of play.
7:11 of 1st period - Shawn Matthias wins face-off versus Stephane Da Costa in Blackdemons zone.
7:40 of 1st period - Wrist shot by Scott Timmins.
7:40 of 1st period - Shot Misses the Net.
7:42 of 1st period - Wrist shot by Calvin de Haan.
7:42 of 1st period - Stopped by Andrew Raycroft with a rebound.
7:46 of 1st period - Snap shot by Luca Caputi.
7:46 of 1st period - Goal by Luca Caputi - Sasquatch : 2 - Blackdemons : 1.
7:47 of 1st period - Shawn Matthias wins face-off versus Tyler Johnson in neutral zone.
7:52 of 1st period - Backhand shot by Zach Boychuk.
7:52 of 1st period - Shot Misses the Net.
8:34 of 1st period - Snap shot by Scott Timmins.
8:34 of 1st period - Stopped by Andrew Raycroft without a rebound.
8:35 of 1st period - Derek Stepan wins face-off versus Francois Bouchard in Sasquatch zone.
9:24 of 1st period - Slapshot by Brandon Bochenski.
9:24 of 1st period - Stopped by Martin Biron with a rebound.
9:58 of 1st period - Slapshot by Matt Hunwick.
9:58 of 1st period - Stopped by Andrew Raycroft with a rebound.
10:00 of 1st period - Snap shot by Matt Hunwick.
10:00 of 1st period - Stopped by Andrew Raycroft with a rebound.
10:02 of 1st period - Slapshot by Matt Hunwick.
10:02 of 1st period - Deflect By Scott Timmins.
10:02 of 1st period - Shot Blocked by Yann Sauvé.
10:02 of 1st period - Puck is out of play.
10:03 of 1st period - Sam Gagner wins face-off versus Derek Stepan in Sasquatch zone.
10:04 of 1st period - Snap shot by Enver Lisin.
10:04 of 1st period - Shot Misses the Net.
10:06 of 1st period - Wrist shot by Enver Lisin.
10:06 of 1st period - Goal by Enver Lisin - Sasquatch : 2 - Blackdemons : 2.
10:07 of 1st period - Derek Stepan wins face-off versus Sam Gagner in neutral zone.
10:37 of 1st period - Shawn Matthias is hit by Kevin Porter.
10:55 of 1st period - Matt Calvert is hit by Kyle Clifford and loses puck.
11:15 of 1st period - Snap shot by Mats Zuccarello.
11:15 of 1st period - Shot Misses the Net.
11:17 of 1st period - Slapshot by Yann Sauvé.
11:17 of 1st period - Stopped by Martin Biron without a rebound.
11:18 of 1st period - Sam Gagner wins face-off versus Tyler Johnson in Blackdemons zone.
11:31 of 1st period - Snap shot by Brandon Bochenski.
11:31 of 1st period - Stopped by Martin Biron with a rebound.
11:47 of 1st period - Wrist shot by Mats Zuccarello.
11:47 of 1st period - Stopped by Martin Biron with a rebound.
11:49 of 1st period - Slapshot by Yann Sauvé.
11:49 of 1st period - Deflect By Enver Lisin.
11:49 of 1st period - Stopped by Martin Biron without a rebound.
11:50 of 1st period - Derek Stepan wins face-off versus Shawn Matthias in Blackdemons zone.
11:57 of 1st period - Snap shot by D.J King.
11:57 of 1st period - Shot Blocked by Barry Tallackson.
11:59 of 1st period - Wrist shot by Derek Stepan.
11:59 of 1st period - Stopped by Martin Biron with a rebound.
12:01 of 1st period - Slapshot by Matt Niskanen.
12:01 of 1st period - Shot Blocked by Matt Irwin.
12:03 of 1st period - Slapshot by Matt Niskanen.
12:03 of 1st period - Shot Blocked by Shawn Matthias.
12:05 of 1st period - Slapshot by Jakub Voracek.
12:05 of 1st period - Shot Blocked by Brendon Nash.
12:20 of 1st period - Steven Zalewski is hit by Stephane Da Costa and loses puck.
12:37 of 1st period - Francois Bouchard is hit by Yann Sauvé and loses puck.
12:48 of 1st period - Snap shot by Brandon Bochenski.
12:48 of 1st period - Stopped by Martin Biron without a rebound.
12:49 of 1st period - Sam Gagner wins face-off versus Derek Stepan in Blackdemons zone.
13:49 of 1st period - Wrist shot by Matt Irwin.
13:49 of 1st period - Stopped by Andrew Raycroft without a rebound.
13:50 of 1st period - Derek Stepan wins face-off versus Sam Gagner in Sasquatch zone.
13:57 of 1st period - Snap shot by Jakub Voracek.
13:57 of 1st period - Stopped by Martin Biron with a rebound.
13:59 of 1st period - Minor Penalty to Jakub Kindl for High sticking.
14:00 of 1st period - Derek Stepan wins face-off versus Shawn Matthias in Blackdemons zone.
15:59 of 1st period - Penalty to Jakub Kindl is over, Jakub Kindl is back on ice.
16:04 of 1st period - Sam Gagner is hit by Matt Niskanen and loses puck.
16:42 of 1st period - Cam Atkinson is hit by Francois Bouchard and loses puck.
16:57 of 1st period - Mathieu Dandenault is hit by D.J King and loses puck.
17:04 of 1st period - Jake Gardiner is hit by Steven Zalewski and loses puck.
17:15 of 1st period - Matt Irwin is hit by Kyle Clifford and loses puck.
17:30 of 1st period - Jake Gardiner is hit by Steve Oleksy and loses puck.
18:12 of 1st period - Icing by Matt Calvert.
18:13 of 1st period - Derek Stepan wins face-off versus Zach Boychuk in Blackdemons zone.
18:34 of 1st period - Sam Gagner is hit by Matt Niskanen and loses puck.
18:41 of 1st period - Tyler Johnson is hit by Michael Haley and loses puck.
19:19 of 1st period - Barry Tallackson is hit by Josh Bailey and loses puck.
Goals for this period are 2 for Sasquatch vs 2 for Blackdemons.
Shots for this period are 17 for Sasquatch vs 10 for Blackdemons.
2nd period
0:01 of 2nd period - Derek Stepan wins face-off versus Sam Gagner in neutral zone.
0:08 of 2nd period - Wrist shot by Derek Stepan.
0:08 of 2nd period - Stopped by Martin Biron without a rebound.
0:09 of 2nd period - Sam Gagner wins face-off versus Derek Stepan in Blackdemons zone.
0:16 of 2nd period - Slapshot by Matt Irwin.
0:16 of 2nd period - Shot Blocked by Slava Voynov.
0:24 of 2nd period - Snap shot by Derek Stepan.
0:24 of 2nd period - Stopped by Martin Biron with a rebound.
0:26 of 2nd period - Slapshot by Matt Niskanen.
0:26 of 2nd period - Stopped by Martin Biron with a rebound.
0:38 of 2nd period - Matt Irwin is hit by Derek Stepan and loses puck.
1:29 of 2nd period - Wrist shot by Enver Lisin.
1:29 of 2nd period - Stopped by Andrew Raycroft with a rebound.
1:59 of 2nd period - Michael Haley is hit by Matt Niskanen and loses puck.
3:21 of 2nd period - Minor Penalty to Sam Gagner for High sticking.
3:22 of 2nd period - Shawn Matthias wins face-off versus Tyler Johnson in Blackdemons zone.
4:16 of 2nd period - Jakub Kindl is hit by Stephane Da Costa and loses puck.
5:21 of 2nd period - Penalty to Sam Gagner is over, Sam Gagner is back on ice.
7:29 of 2nd period - Luca Caputi is hit by Mats Zuccarello.
7:52 of 2nd period - Zach Boychuk is hit by Cam Atkinson and loses puck.
9:12 of 2nd period - Derek Stepan is hit by Jakub Kindl and loses puck.
9:45 of 2nd period - Mathieu Dandenault is hit by Jakub Voracek.
13:03 of 2nd period - Icing by Mats Zuccarello.
13:04 of 2nd period - Kevin Porter wins face-off versus Steven Zalewski in Sasquatch zone.
13:50 of 2nd period - Matt Hunwick is hit by Jake Gardiner and loses puck.
14:05 of 2nd period - Steven Zalewski is hit by Mats Zuccarello and loses puck.
14:25 of 2nd period - Luca Caputi is hit by Jakub Voracek and loses puck.
15:33 of 2nd period - Steve Oleksy is hit by Matt Niskanen and loses puck.
15:41 of 2nd period - Minor Penalty to Josh Bailey for Diving.
15:42 of 2nd period - Sam Gagner wins face-off versus Tyler Johnson in Sasquatch zone.
17:41 of 2nd period - Penalty to Josh Bailey is over, Josh Bailey is back on ice.
18:33 of 2nd period - Matt Frattin is hit by Steven Zalewski and loses puck.
19:01 of 2nd period - Francois Bouchard is hit by Cam Atkinson and loses puck.
19:12 of 2nd period - Enver Lisin is hit by Matt Niskanen and loses puck.
Goals for this period are 0 for Sasquatch vs 0 for Blackdemons.
Shots for this period are 3 for Sasquatch vs 1 for Blackdemons.
3rd period
0:01 of 3rd period - Sam Gagner wins face-off versus Derek Stepan in neutral zone.
0:08 of 3rd period - Snap shot by D.J King.
0:08 of 3rd period - Shot Blocked by Brendon Nash.
0:32 of 3rd period - Wrist shot by Mats Zuccarello.
0:32 of 3rd period - Stopped by Martin Biron without a rebound.
0:33 of 3rd period - Mats Zuccarello wins face-off versus Shawn Matthias in Blackdemons zone.
0:34 of 3rd period - Snap shot by Brandon Bochenski.
0:34 of 3rd period - Deflect By Tyler Johnson.
0:34 of 3rd period - Stopped by Martin Biron without a rebound.
0:35 of 3rd period - Shawn Matthias wins face-off versus Derek Stepan in Blackdemons zone.
0:35 of 3rd period - Shawn Matthias is hit by Jakub Voracek.
0:41 of 3rd period - Slapshot by Jakub Kindl.
0:41 of 3rd period - Stopped by Andrew Raycroft without a rebound.
0:42 of 3rd period - Derek Stepan wins face-off versus Zach Boychuk in Sasquatch zone.
0:56 of 3rd period - Snap shot by Jakub Voracek.
0:56 of 3rd period - Deflect By D.J King.
0:56 of 3rd period - Shot Blocked by Shawn Matthias.
0:56 of 3rd period - Puck is out of play.
0:57 of 3rd period - Sam Gagner wins face-off versus Tyler Johnson in Blackdemons zone.
1:45 of 3rd period - Matt Irwin is hit by Nick Leddy and loses puck.
2:02 of 3rd period - Snap shot by Brendon Nash.
2:02 of 3rd period - Shot Blocked by Matt Niskanen.
2:09 of 3rd period - Minor Penalty to Matt Frattin for Interference.
2:10 of 3rd period - Sam Gagner wins face-off versus Tyler Johnson in Sasquatch zone.
2:13 of 3rd period - Wrist shot by Enver Lisin.
2:13 of 3rd period - Shot Blocked by Jake Gardiner.
2:15 of 3rd period - Backhand shot by Zach Boychuk.
2:15 of 3rd period - Shot Blocked by Nick Leddy.
2:17 of 3rd period - Slapshot by Matt Hunwick.
2:17 of 3rd period - Shot Misses the Net.
2:39 of 3rd period - Wrist shot by Barry Tallackson.
2:39 of 3rd period - Shot Misses the Net.
2:41 of 3rd period - Snap shot by Jakub Kindl.
2:41 of 3rd period - Stopped by Andrew Raycroft without a rebound.
2:42 of 3rd period - Shawn Matthias wins face-off versus Tyler Johnson in Sasquatch zone.
2:55 of 3rd period - Matt Niskanen is hit by Jakub Kindl and loses puck.
3:38 of 3rd period - Snap shot by Brendon Nash.
3:38 of 3rd period - Stopped by Andrew Raycroft without a rebound.
3:39 of 3rd period - Sam Gagner wins face-off versus Stephane Da Costa in Sasquatch zone.
3:42 of 3rd period - Wrist shot by Enver Lisin.
3:42 of 3rd period - Shot Blocked by Jake Gardiner.
3:46 of 3rd period - Snap shot by Enver Lisin.
3:46 of 3rd period - Goal by Enver Lisin - Sasquatch : 2 - Blackdemons : 3.
3:47 of 3rd period - Enver Lisin wins face-off versus Derek Stepan in neutral zone.
3:50 of 3rd period - D.J King is hit by Enver Lisin and loses puck.
3:54 of 3rd period - Icing by Derek Stepan.
3:55 of 3rd period - Sam Gagner wins face-off versus Derek Stepan in Sasquatch zone.
4:22 of 3rd period - Snap shot by Cam Atkinson.
4:22 of 3rd period - Stopped by Martin Biron with a rebound.
4:36 of 3rd period - Snap shot by Sam Gagner.
4:36 of 3rd period - Shot Misses the Net.
4:38 of 3rd period - Snap shot by Michael Haley.
4:38 of 3rd period - Stopped by Andrew Raycroft with a rebound.
4:40 of 3rd period - Wrist shot by Michael Haley.
4:40 of 3rd period - Stopped by Andrew Raycroft with a rebound.
5:13 of 3rd period - Snap shot by Stephane Da Costa.
5:13 of 3rd period - Stopped by Martin Biron without a rebound.
5:14 of 3rd period - Shawn Matthias wins face-off versus Derek Stepan in Blackdemons zone.
5:19 of 3rd period - Backhand shot by Brendon Nash.
5:19 of 3rd period - Stopped by Andrew Raycroft with a rebound.
5:25 of 3rd period - Snap shot by Zach Boychuk.
5:25 of 3rd period - Stopped by Andrew Raycroft with a rebound.
5:27 of 3rd period - Snap shot by Zach Boychuk.
5:27 of 3rd period - Shot Misses the Net.
5:29 of 3rd period - Wrist shot by Shawn Matthias.
5:29 of 3rd period - Shot Blocked by Nick Leddy.
5:48 of 3rd period - Slapshot by Calvin de Haan.
5:48 of 3rd period - Stopped by Andrew Raycroft with a rebound.
6:02 of 3rd period - Snap shot by Nick Leddy.
6:02 of 3rd period - Shot Blocked by Calvin de Haan.
6:04 of 3rd period - Snap shot by Matt Frattin.
6:04 of 3rd period - Shot Misses the Net.
6:06 of 3rd period - Wrist shot by Kevin Porter.
6:06 of 3rd period - Shot Misses the Net.
6:08 of 3rd period - Snap shot by Kevin Porter.
6:08 of 3rd period - Stopped by Martin Biron without a rebound.
6:09 of 3rd period - Shawn Matthias wins face-off versus Derek Stepan in Blackdemons zone.
6:16 of 3rd period - D.J King is hit by Zach Boychuk and loses puck.
6:25 of 3rd period - Slapshot by Brendon Nash.
6:25 of 3rd period - Shot Blocked by Matt Niskanen.
6:32 of 3rd period - Icing by Matt Niskanen.
6:33 of 3rd period - Derek Stepan wins face-off versus Steven Zalewski in Sasquatch zone.
6:48 of 3rd period - Slapshot by Jakub Kindl.
6:48 of 3rd period - Deflect By Brandon Bochenski.
6:48 of 3rd period - Stopped by Andrew Raycroft without a rebound.
6:49 of 3rd period - Derek Stepan wins face-off versus Sam Gagner in Sasquatch zone.
6:49 of 3rd period - Derek Stepan is hit by Michael Haley.
6:57 of 3rd period - Slapshot by Sam Gagner.
6:57 of 3rd period - Shot Blocked by Jakub Voracek.
7:03 of 3rd period - Wrist shot by Derek Stepan.
7:03 of 3rd period - Shot Misses the Net.
7:05 of 3rd period - Snap shot by Derek Stepan.
7:05 of 3rd period - Shot Misses the Net.
7:12 of 3rd period - Icing by Brendon Nash.
7:13 of 3rd period - Shawn Matthias wins face-off versus Tyler Johnson in Blackdemons zone.
7:42 of 3rd period - Snap shot by Enver Lisin.
7:42 of 3rd period - Stopped by Andrew Raycroft with a rebound.
7:44 of 3rd period - Slapshot by Brendon Nash.
7:44 of 3rd period - Shot Misses the Net.
7:46 of 3rd period - Slapshot by Matt Irwin.
7:46 of 3rd period - Stopped by Andrew Raycroft without a rebound.
7:47 of 3rd period - Derek Stepan wins face-off versus Sam Gagner in Sasquatch zone.
7:54 of 3rd period - Snap shot by Derek Stepan.
7:54 of 3rd period - Stopped by Martin Biron without a rebound.
7:55 of 3rd period - Jakub Voracek wins face-off versus Enver Lisin in Blackdemons zone.
8:19 of 3rd period - Off-side.
8:20 of 3rd period - Tyler Johnson wins face-off versus Shawn Matthias in neutral zone.
8:47 of 3rd period - Slava Voynov is hit by Mathieu Dandenault and loses puck.
8:54 of 3rd period - Snap shot by Mathieu Dandenault.
8:54 of 3rd period - Shot Misses the Net.
9:12 of 3rd period - Slapshot by Matt Hunwick.
9:12 of 3rd period - Shot Blocked by Tyler Johnson.
9:20 of 3rd period - Snap shot by Mats Zuccarello.
9:20 of 3rd period - Deflect By Brandon Bochenski.
9:20 of 3rd period - Shot Misses the Net.
9:20 of 3rd period - Puck is out of play.
9:21 of 3rd period - Derek Stepan wins face-off versus Sam Gagner in Blackdemons zone.
9:26 of 3rd period - Slapshot by Jakub Voracek.
9:26 of 3rd period - Shot Misses the Net.
9:42 of 3rd period - Minor Penalty to Steve Oleksy for Hooking.
9:43 of 3rd period - Shawn Matthias wins face-off versus Derek Stepan in Blackdemons zone.
11:42 of 3rd period - Penalty to Steve Oleksy is over, Steve Oleksy is back on ice.
11:43 of 3rd period - Stephane Da Costa is hit by Luca Caputi.
12:25 of 3rd period - Steve Oleksy is hit by Cam Atkinson and loses puck.
12:38 of 3rd period - Brandon Bochenski is hit by Shawn Matthias and loses puck.
12:53 of 3rd period - Tyler Johnson is hit by Matt Irwin and loses puck.
13:23 of 3rd period - Snap shot by Steven Zalewski.
13:23 of 3rd period - Stopped by Andrew Raycroft with a rebound.
14:21 of 3rd period - Michael Haley is hit by Yann Sauvé and loses puck.
15:24 of 3rd period - Icing by Steve Oleksy.
15:25 of 3rd period - Shawn Matthias wins face-off versus Tyler Johnson in Blackdemons zone.
15:25 of 3rd period - Shawn Matthias is hit by Stephane Da Costa.
15:37 of 3rd period - Matt Calvert is hit by Josh Bailey and loses puck.
15:46 of 3rd period - Slapshot by Mathieu Dandenault.
15:46 of 3rd period - Shot Blocked by Jake Gardiner.
15:48 of 3rd period - Slapshot by Brendon Nash.
15:48 of 3rd period - Stopped by Andrew Raycroft with a rebound.
15:58 of 3rd period - Matt Frattin is hit by Shawn Matthias and loses puck.
16:16 of 3rd period - Matt Hunwick is hit by Kyle Clifford and loses puck.
16:27 of 3rd period - Wrist shot by Stephane Da Costa.
16:27 of 3rd period - Shot Misses the Net.
17:19 of 3rd period - Wrist shot by Michael Haley.
17:19 of 3rd period - Stopped by Andrew Raycroft with a rebound.
17:21 of 3rd period - Snap shot by Michael Haley.
17:21 of 3rd period - Shot Blocked by Matt Niskanen.
17:47 of 3rd period - Slapshot by Brendon Nash.
17:47 of 3rd period - Deflect By Luca Caputi.
17:47 of 3rd period - Stopped by Andrew Raycroft without a rebound.
17:48 of 3rd period - Tyler Johnson wins face-off versus Steven Zalewski in Sasquatch zone.
18:02 of 3rd period - Brendon Nash is hit by Tyler Johnson and loses puck.
18:32 of 3rd period - Minor Penalty to Calvin de Haan for Holding.
18:33 of 3rd period - Shawn Matthias wins face-off versus Derek Stepan in Blackdemons zone.
18:43 of 3rd period - Minor Penalty to Derek Stepan for Roughing.
18:44 of 3rd period - Enver Lisin wins face-off versus Brandon Bochenski in Sasquatch zone.
18:44 of 3rd period - Snap shot by Sam Gagner.
18:44 of 3rd period - Stopped by Andrew Raycroft without a rebound.
18:45 of 3rd period - Dave Tippett call a timeout for Sasquatch.
18:45 of 3rd period - Brandon Bochenski wins face-off versus Sam Gagner in Sasquatch zone.
18:58 of 3rd period - Snap shot by Enver Lisin.
18:58 of 3rd period - Shot Misses the Net.
19:10 of 3rd period - Jakub Kindl is hit by D.J King.
19:50 of 3rd period - Snap shot by Brendon Nash.
19:50 of 3rd period - Stopped by Andrew Raycroft with a rebound.
Goals for this period are 0 for Sasquatch vs 1 for Blackdemons.
Shots for this period are 6 for Sasquatch vs 18 for Blackdemons.
Output by the SimonT Hockey Simulator (STHS) for François Prévost -- Original Page W3C XHTML 1.0 Valid